 Dungeon Sprint DCSS version 0.20.1-1-g8b1a95d (webtiles) character file.

209253 equalderp2856 the Executioner (level 15, -2/168 HPs)
             Began as a Minotaur Fighter on Sept 4, 2017.
             Was an Initiate of Gozag.
             Slain by an azure jelly (4 damage)
             ... created by the Royal Jelly
             ... in the Dungeon (Sprint IX: "|||||||||||||||||||||||||||||").
             The game lasted 00:35:33 (15705 turns).

equalderp2856 the Executioner (Minotaur Fighter)   Turns: 15705, Time: 00:35:34

Health: -2/168     AC:  9    Str: 22    XL:     15   Next: 82%
Magic:  0/14       EV: 21    Int:  7    God:    Gozag
Gold:   9923       SH: 19    Dex: 20    Spells: 14/14 levels left

rFire    . . .     SeeInvis .   r - +5 broad axe (chop)
rCold    . . .     Gourm    .   c - +0 shield
rNeg     . . .     Faith    .   K - +3 chain mail
rPois    .         Spirit   +   F - +2 hat
rElec    .         Reflect  .   B - +0 cloak
rCorr    .         Harm     .   U - +2 pair of gloves
MR       +....     NoTele   +   C - +0 pair of boots
Stlth    +.........             D - amulet of Mafo {Spirit Dex+4}
Regen    0.4/turn               p - +2 ring of evasion
MPRegen  0.2/turn               q - +3 ring of dexterity

@: corroded, hasted, bribing [the Dungeon], very quick
A: retaliatory headbutt, horns 2
}: 6/15 runes: decaying, serpentine, barnacled, elven, silver, gossamer
a: Potion Petition, Call Merchant, Bribe Branch, Renounce Religion


You were in the Dungeon.
You worshipped Gozag.
Gozag was greatly pleased with you.
You were not hungry.

You visited 1 branch You collected 39103 gold pieces.
You spent 562 gold pieces at shops.
You paid 28618 gold pieces to Gozag.

Inventory:

Hand Weapons
 r - a +5 broad axe of chopping (weapon)
 s - a +1 broad axe of freezing
 S - a +3 broad axe of venom
Armour
 c - a +0 shield (worn)
 B - a +0 cloak (worn)
 C - a +0 pair of boots (worn)
 F - a +2 hat (worn)
 K - a +3 chain mail (worn)
 U - a +2 pair of gloves (worn)
 X - the +0 buckler of Elyvilon's Regard {+Fly MR++ Int-3 SInv}
   (You found it in the Dungeon)

   It affects your intelligence (-3).
   It affects your resistance to hostile enchantments.
   It lets you see invisible.
   It lets you fly.
Jewellery
 a - the ring "Istozuehes" {Ice rN+ MP+9 Int-2}
   (You found it in the Dungeon)

   [ring of ice]

   It enhances your ice magic.
   It affects your intelligence (-2).
   It makes you vulnerable to fire.
   It protects you from cold.
   It protects you from negative energy.
   It affects your magic capacity (+9).
 b - the ring "Hoprinoo" {rN++ Str+3 Int-4 Slay+3}
   (You found it in the Dungeon)

   [ring of slaying]

   It affects your strength (+3).
   It affects your intelligence (-4).
   It affects your accuracy and damage with ranged weapons and melee attacks
   (+3).
   It greatly protects you from negative energy.
 p - a +2 ring of evasion (left hand)
 q - a +3 ring of dexterity (right hand)
 D - the amulet of Mafo (around neck) {Spirit Dex+4}
   (You found it in the Dungeon)

   [amulet of guardian spirit]

   It causes incoming damage to be split between your health and magic.
   It affects your dexterity (+4).
 E - the amulet of Regauf {Gourm rElec Dex+3}
   (You found it in the Dungeon)

   [amulet of the gourmand]

   It allows you to eat raw meat even when not hungry.
   It affects your dexterity (+3).
   It insulates you from electricity.
 G - an uncursed ring of protection from magic
 H - an uncursed ring of ice
 I - an uncursed ring of see invisible
 J - an uncursed ring of poison resistance
 N - the ring of Nobility {Fire +Fly}
   (You found it in the Dungeon)

   [ring of fire]

   It enhances your fire magic.
   It protects you from fire.
   It makes you vulnerable to cold.
   It lets you fly.
 O - a +6 ring of intelligence
 P - a +2 ring of slaying
 Q - an uncursed amulet of regeneration
 R - an uncursed ring of flight
Wands
 o - a wand of iceblast (6/15)
 v - a wand of enslavement (15/24)
Scrolls
 m - 3 scrolls of remove curse
 n - 2 scrolls of amnesia
 w - 8 scrolls of enchant armour
 x - 4 scrolls of recharging
 y - 3 scrolls of identify
 L - 4 scrolls of enchant weapon
 M - 4 scrolls of fog
 T - a scroll of fear
Potions
 d - 4 potions of might
 e - 6 potions of curing
 g - 4 potions of heal wounds
 h - 5 potions of haste
 i - 4 potions of magic
 j - a potion of berserk rage
 l - a potion of invisibility
 t - 7 potions of agility
 u - 5 potions of brilliance
Books
 V - Sif Muna's Tome of Frigorific Calling
   (You found it in the Dungeon)

   Spells                             Type                      Level
   a - Summon Butterflies             Summoning                    1
   b - Summon Guardian Golem          Hexes/Summoning              3
   c - Throw Icicle                   Conjuration/Ice              4
   d - Summon Mana Viper              Hexes/Summoning              5
   e - Freezing Cloud                 Conjuration/Ice/Air          6
 Y - a book of Debilitation

   Spells                             Type                      Level
   a - Corona                         Hexes                        1
   b - Slow                           Hexes                        2
   c - Inner Flame                    Hexes/Fire                   3
   d - Portal Projectile              Hexes/Translocation          3
   e - Cause Fear                     Hexes                        4
   f - Leda's Liquefaction            Hexes/Earth                  4
Miscellaneous
 Z - a sack of spiders
Comestibles
 f - 40 fruits
 z - 4 bread rations
 A - 13 meat rations


   Skills:
 + Level 24.7 Fighting
 + Level 25.7(25.8) Axes
   Level 5.0(18.3) Polearms
 + Level 22.7 Armour
 + Level 14.2 Dodging
 + Level 9.1 Stealth
 + Level 25.4 Shields
 + Level 0.6 Evocations


You had 14 spell levels left.
You didn't know any spells.

Dungeon Overview and Level Annotations

Branches:
Dungeon (1/1)

Altars:
Cheibriados
Dithmenos
Elyvilon
Fedhas
Gozag
Hepliaklqana
Kikubaaqudgha
Makhleb
Nemelex Xobeh
Okawaru
Qazlal
Ru
Sif Muna
Trog
Uskayaw
Vehumet
Xom
Yredelemnul
Zin
The Shining One
Beogh
Jiyva
Lugonu

Shops:
D !:(!}*

Annotations:
D Donald, Kirke, Mara, Royal Jelly, Sojobo, Xtahua


Innate Abilities, Weirdness & Mutations

You reflexively headbutt those who attack you in melee.
You have a pair of horns on your head.


Message History

You block the azure jelly's attack. x3
The acid blob spits acid at you. The splash of acid hits you!
* * * LOW HITPOINT WARNING * * *
The acid corrodes you!
You are splashed with acid!
The acid burns!
* * * LOW HITPOINT WARNING * * *
Okay, then.
Okay, then.
As you read the scroll of fear, it crumbles to dust.
You assume a fearsome visage.
The acid blob resists with almost no effort.
The azure jelly resists with some effort.
The Royal Jelly resists with almost no effort.
You block the azure jelly's attack. The azure jelly hits you.
* * * LOW HITPOINT WARNING * * *
The azure jelly freezes you!!
* * * LOW HITPOINT WARNING * * *
The azure jelly hits you.
You die...
Your body crumbles into a pile of gold.

♣.♣.▓.▓)▓)▓.▓.▓.▓)
♣)♣.▓.▓.▓.▓.▓.▓.▓.
♣.♣.▓.▓.▓.▓.▓)▓.▓.
♣.♣.▓.▓.▓)▓.▓[▓.▓.
♣(♣.▓.▓.▓.▓.▓[▓.▓.
▓.▓.▓.▓.▓.▓.▓.▓.▓.
▓J▓.▓.▓.▓X▓.▓.▓.▓)
▓J▓.▓∩▓.▓q▓.▓.▓.▓.
▓@▓.▓.▓.▓.▓.▓.▓.▓)
▓J▓.▓.▓.▓.▓.▓.▓.▓)
▓(▓.▓)▓.▓)▓.▓.▓.▓)
▓)▓.▓.▓.▓.▓.▓.▓.▓.
▓)▓.▓[▓.▓)▓.▓'▓.▓.
▓)▓)▓.▓.▓.▓.▓.▓.▓.
▓.▓.▓.▓.▓)▓.▓.▓.▓.
▓.▓.▓.▓.▓.▓.▓.▓.▓.
▓'▓.▓.▓.▓'▓.▓.▓.▓.


You could see the Royal Jelly, an acid blob and an azure jelly.

Vanquished Creatures
  3 Orb Guardians (D)
  A deep elf blademaster (D)
  2 quicksilver dragons (D)
  3 acid blobs (D)
  A sphinx (shapeshifter) (D)
  A thorn hunter (D)
  A fire giant (D)
  A storm dragon (D)
  A draconian monk (D)
  4 shadow dragons (D)
  An azure jelly (D)
  A fire giant (shapeshifter) (D)
  A deep elf sorcerer (D)
  A ghost moth (D)
  A vault warden (D)
  An emperor scorpion (D)
  2 vampire knights (D)
  A yellow draconian (D)
  A deep elf annihilator (D)
  A crystal guardian (D)
  2 deep elf death magi (D)
  A death ooze (D)
  2 fire dragons (D)
  A vault guard (D)
  A centaur warrior (D)
  A great orb of eyes (D)
  3 ice dragons (D)
  5 hydras (D)
  A naga warrior (D)
  A merfolk avatar (D)
  An alligator (D)
  An orc high priest (D)
  A deep troll shaman (D)
  A guardian serpent (D)
  A flayed ghost (D)
  A shadow wraith (D)
  A glowing orange brain (D)
  3 swamp dragons (D)
  An orb spider (D)
  An ugly thing (D)
  6 wolf spiders (D)
  An orc knight (D)
  5 moths of wrath (D)
  A vault sentinel (D)
  A black mamba (D)
  A torpor snail (D)
  A spiny frog (D)
  A yaktaur (D)
  3 freezing wraiths (D)
  4 komodo dragons (D)
  3 demonic crawlers (D)
  6 polar bears (D)
  A hornet (D)
  2 blink frogs (D)
  2 slime creatures (D)
  A snapping turtle (D)
  2 tarantellas (D)
  3 redbacks (D)
  A water elemental (D)
  11 spriggans (D)
  A vampire (D)
  4 hogs (D)
  A fire elemental (D)
  2 yaks (D)
  2 basilisks (D)
  2 acid dragons (D)
  4 water moccasins (D)
  A porcupine (D)
  A floating eye (D)
  A soldier ant (D)
  2 hell hounds (D)
  4 orc warriors (D)
  A swamp drake (D)
  A sky beast (D)
  2 black bears (D)
  A crocodile (D)
  4 bullfrogs (D)
  A gnoll sergeant (D)
  A scorpion (D)
  A killer bee (D)
  A howler monkey (D)
  A quasit (D)
  4 orc wizards (D)
  3 orc priests (D)
  2 worker ants (D)
  A shadow imp (D)
  An adder skeleton (D)
  10 orcs (D)
  A goblin (D)
  A hobgoblin (D)
  A jackal (D)
  A bat (D)
  2 frilled lizards (D)
  A giant cockroach zombie (D)
  A leopard gecko skeleton (D)
  A quokka skeleton (D)
184 creatures vanquished.

Vanquished Creatures (collateral kills)
  3 ancient liches (D)
  A Killer Klown (D)
  A golden dragon (D)
  2 liches (D)
  An electric golem (D)
  8 Orb Guardians (D)
  2 shadow dragons (D)
  2 nagarajas (D)
  An azure jelly (D)
  2 draconian scorchers (D)
  Louise (D)
  3 vampire knights (D)
  2 white draconians (D)
  A purple draconian (D)
  A death ooze (D)
  A yaktaur captain (D)
  A fire dragon (D)
  A shock serpent (D)
  A hydra (D)
  19 vault guards (D)
  An ice dragon (D)
  A tengu warrior (D)
  A shadow wraith (D)
  A sea snake (D)
  A spriggan druid (D)
  A deep elf archer (D)
  A naga ritualist (D)
  An ugly thing (D)
  2 wolf spiders (D)
  5 moths of wrath (D)
  A naga mage (D)
  A jumping spider (D)
  A hornet (D)
  2 slime creatures (D)
  An acid dragon (D)
  A floating eye (D)
76 creatures vanquished.

Vanquished Creatures (others)
  2 orbs of fire (D)
  4 ancient liches (D)
  A curse toe (D)
  A Killer Klown (D)
  Nikola (D)
  Jory (D)
  2 electric golems (D)
  A lich (D)
  Rupert (D)
  7 tentacled monstrosities (D)
  16 Orb Guardians (D)
  An acid blob (D)
  A titan (D)
  2 deep elf master archers (D)
  A death cob (D)
  A sphinx (D)
  2 storm dragons (D)
  2 shadow dragons (D)
  6 nagarajas (D)
  Ilsuiw (D)
  3 fire giants (D)
  A deep elf sorcerer (D)
  A frost giant (D)
  A vault warden (D)
  A ghost moth (D)
  A draconian stormcaller (D)
  A draconian shifter (D)
  A deep elf elementalist (D)
  An emperor scorpion (D)
  A draconian annihilator (D)
  2 very ugly things (D)
  A stone giant (D)
  2 vampire knights (D)
  A deep elf demonologist (D)
  A black draconian (D)
  A red draconian (D)
  3 deep elf annihilators (D)
  Azrael (D)
  2 yellow draconians (D)
  A purple draconian (D)
  2 white draconians (D)
  A deep elf death mage (D)
  An ettin (D)
  A merfolk impaler (D)
  2 merfolk javelineers (D)
  5 vault guards (D)
  2 ice dragons (D)
  2 deep elf high priests (D)
  3 ogre magi (D)
  A great orb of eyes (D)
  5 hydras (D)
  A spriggan air mage (D)
  3 merfolk aquamancers (D)
  3 centaur warriors (D)
  A dancing weapon (D)
  A deep troll shaman (D)
  4 orc high priests (D)
  3 wizards (D)
  A spriggan druid (D)
  2 ironbrand convokers (D)
  3 swamp dragons (D)
  5 orc knights (D)
  A salamander (D)
  A mana viper (D)
  5 moths of wrath (D)
  A black mamba (D)
  A merfolk siren (D)
  2 guardian serpents (D)
  A vault sentinel (D)
  A naga mage (D)
  A torpor snail (shapeshifter) (D)
  A spiny frog (D)
  A yaktaur (D)
  A tengu conjurer (D)
  6 merfolk (D)
  A hornet (D)
  A bog body (D)
  A redback (D)
  2 hogs (D)
  3 nagas (D)
  A hell hound (D)
  An orc warrior (D)
  A black bear (shapeshifter) (D)
  A boggart (D)
  7 orc priests (D)
175 creatures vanquished.

Grand Total: 435 creatures vanquished

Notes
Turn   | Place    | Note
-------+----------+-------------------------------------------
     0 | D        | equalderp2856 the Minotaur Fighter began the quest for the Orb.
     0 | D        | Reached XP level 1. HP: 19/19 MP: 0/0
    24 | D        | Noticed a scorpion
    24 | D        | Noticed a worker ant
    33 | D        | Killed a worker ant
    33 | D        | Reached skill level 5 in Fighting
    33 | D        | Reached skill level 5 in Shields
    33 | D        | Reached XP level 2. HP: 15/29 MP: 1/1
    33 | D        | Reached XP level 3. HP: 19/36 MP: 2/2
    35 | D        | Reached skill level 5 in Armour
    37 | D        | Killed a scorpion
    37 | D        | Reached XP level 4. HP: 23/45 MP: 3/3
   181 | D        | Found a roughly hewn altar of Beogh.
   181 | D        | Found a snail-covered altar of Cheibriados.
   181 | D        | Found a shadowy altar of Dithmenos.
   181 | D        | Found a white marble altar of Elyvilon.
   181 | D        | Found a blossoming altar of Fedhas.
   181 | D        | Found an opulent altar of Gozag.
   182 | D        | Found a hazy altar of Hepliaklqana.
   183 | D        | Found a viscous altar of Jiyva.
   184 | D        | Found an ancient bone altar of Kikubaaqudgha.
   185 | D        | Found a corrupted altar of Lugonu.
   186 | D        | Found a burning altar of Makhleb.
   187 | D        | Found a sparkling altar of Nemelex Xobeh.
   188 | D        | Found an iron altar of Okawaru.
   189 | D        | Found a stormy altar of Qazlal.
   191 | D        | Became a worshipper of Gozag Ym Sagoz the Greedy
   193 | D        | Found a sacrificial altar of Ru.
   194 | D        | Found a deep blue altar of Sif Muna.
   195 | D        | Found a bloodstained altar of Trog.
   196 | D        | Found a hide-covered altar of Uskayaw.
   197 | D        | Found a radiant altar of Vehumet.
   199 | D        | Found a shimmering altar of Xom.
   200 | D        | Found a basalt altar of Yredelemnul.
   201 | D        | Found a glowing silver altar of Zin.
   202 | D        | Found a glowing golden altar of the Shining One.
   226 | D        | Noticed a gnoll sergeant
   241 | D        | Killed a gnoll sergeant
   241 | D        | Reached skill level 5 in Axes
   241 | D        | Reached skill level 1 in Dodging
   241 | D        | Reached XP level 5. HP: 44/52 MP: 4/4
   411 | D        | Noticed a yak
   411 | D        | Noticed a soldier ant
   414 | D        | Reached XP level 6. HP: 56/61 MP: 5/5
   424 | D        | Killed a soldier ant
   429 | D        | Killed a yak
   429 | D        | Reached skill level 10 in Axes
   429 | D        | Reached skill level 10 in Shields
   429 | D        | Reached XP level 7. HP: 45/70 MP: 6/6
   733 | D        | Noticed a black mamba
   733 | D        | Noticed a komodo dragon
   733 | D        | Noticed a basilisk
   755 | D        | Noticed a blink frog
   763 | D        | Killed a basilisk
  1026 | D        | Reached skill level 10 in Armour
  1026 | D        | Reached skill level 1 in Stealth
  1031 | D        | Killed a komodo dragon
  1031 | D        | Reached XP level 8. HP: 37/79 MP: 7/7
  1038 | D        | Killed a black mamba
  1038 | D        | Reached skill level 10 in Fighting
  1312 | D        | Killed a blink frog
  1335 | D        | Noticed a komodo dragon
  1345 | D        | Killed a komodo dragon
  1345 | D        | Reached XP level 9. HP: 43/89 MP: 8/8
  1526 | D        | Noticed a komodo dragon
  1526 | D        | Noticed a spiny frog
  1538 | D        | Killed a spiny frog
  1538 | D        | Reached skill level 5 in Dodging
  1554 | D        | Killed a komodo dragon
  1845 | D        | Noticed a polar bear
  1845 | D        | Noticed a polar bear
  1845 | D        | Noticed a polar bear
  1845 | D        | Noticed a polar bear
  1845 | D        | Noticed a polar bear
  1846 | D        | Noticed a polar bear
  1854 | D        | Killed a polar bear
  1854 | D        | Reached skill level 15 in Axes
  1859 | D        | Killed a polar bear
  1859 | D        | Reached XP level 10. HP: 78/99 MP: 9/9
  2337 | D        | Noticed an orc knight
  2337 | D        | Noticed an orc knight
  2338 | D        | Noticed an orc knight
  2353 | D        | Killed an orc knight
  2355 | D        | Noticed an orc knight
  2402 | D        | Killed an orc knight
  2424 | D        | Killed an orc knight
  2427 | D        | Killed an orc knight
  2446 | D        | Killed an orc warrior
  2704 | D        | Noticed an orc knight
  2729 | D        | Found Huhanwih's Assorted Antiques.
  2729 | D        | Noticed an orc high priest
  2729 | D        | Noticed an orc high priest
  2730 | D        | Noticed an orc high priest
  2731 | D        | Noticed a soul eater
  2734 | D        | Killed an orc high priest
  2735 | D        | Found Juluh's Gadget Shop.
  2738 | D        | Found Neqoc's Distillery.
  2741 | D        | Found Sarholen's Weapon Shop.
  2741 | D        | Noticed an orc high priest
  2742 | D        | Noticed an orc high priest
  2743 | D        | Noticed a sixfirhy
  2771 | D        | Killed an orc high priest
  2998 | D        | Bought a scroll labeled EWKAILUCOS for 23 gold pieces
  2998 | D        | Bought a glowing hat for 161 gold pieces
  3205 | D        | Noticed a green ugly thing
  3220 | D        | Killed a green ugly thing
  3227 | D        | Reached XP level 11. HP: 100/110 MP: 10/10
  3228 | D        | Noticed a five-headed hydra
  3234 | D        | Noticed a great orb of eyes
  3242 | D        | Noticed a red very ugly thing
  3334 | D        | Killed an orc high priest
  3351 | D        | Killed an orc high priest
  3387 | D        | Killed an orc high priest
  3398 | D        | Killed an orc knight
  3407 | D        | Killed an eight-headed hydra
  3505 | D        | Reached skill level 1 in Polearms
  3541 | D        | Killed a great orb of eyes
  3574 | D        | Noticed a wizard
  3593 | D        | Killed a red very ugly thing
  3593 | D        | Reached skill level 15 in Armour
  3620 | D        | Noticed a sphinx
  3623 | D        | Killed a wizard
  3630 | D        | Killed a sphinx
  3630 | D        | Reached skill level 15 in Fighting
  3850 | D        | Noticed Donald
  3881 | D        | Noticed Kirke
  3893 | D        | Reached skill level 15 in Shields
  3967 | D        | Noticed a sea snake
  3972 | D        | Killed a sea snake
  3988 | D        | Noticed a spriggan druid
  3988 | D        | Noticed a spriggan druid
  3988 | D        | Noticed an alligator
  3988 | D        | Noticed a thorn hunter
  3994 | D        | Killed a swamp dragon
  3996 | D        | Killed a spriggan druid
  4013 | D        | Killed a thorn hunter
  4020 | D        | Noticed a tentacled monstrosity
  4022 | D        | Noticed a seven-headed hydra
  4023 | D        | Killed an alligator
  4026 | D        | Killed a seven-headed hydra
  4026 | D        | Reached XP level 12. HP: 82/122 MP: 11/11
  4204 | D        | Reached skill level 5 in Polearms
  4393 | D        | Noticed a nagaraja
  4393 | D        | Noticed a nagaraja
  4393 | D        | Noticed a naga warrior
  4404 | D        | Killed a nagaraja
  4407 | D        | Killed a naga warrior
  4418 | D        | Killed a shock serpent
  4631 | D        | Noticed a centaur warrior
  4631 | D        | Noticed an ogre mage
  4631 | D        | Noticed an ettin
  4631 | D        | Noticed a fire giant
  4631 | D        | Noticed a deep troll shaman
  4632 | D        | Noticed a spriggan air mage
  4633 | D        | Killed a deep troll shaman
  4634 | D        | Noticed a fire giant
  4645 | D        | Noticed a yaktaur captain
  4646 | D        | Noticed a centaur warrior
  4651 | D        | Killed a yaktaur captain
  4656 | D        | Killed a centaur warrior
  4668 | D        | Noticed a tengu warrior
  4669 | D        | Noticed an ice dragon
  4670 | D        | Noticed a centaur warrior
  4676 | D        | Killed a tengu warrior
  4683 | D        | Killed a centaur warrior
  4684 | D        | Killed an ice dragon
  4686 | D        | Killed a fire giant
  4695 | D        | Killed an ogre mage
  4850 | D        | Noticed a great orb of eyes
  4850 | D        | Noticed a centaur warrior
  4850 | D        | Noticed a vault warden
  4854 | D        | Noticed a fire dragon
  4854 | D        | Killed a great orb of eyes
  4859 | D        | Killed a vault warden
  4866 | D        | Killed a centaur warrior
  4869 | D        | Killed a fire dragon
  4876 | D        | Noticed an ice dragon
  4880 | D        | Noticed an ogre mage
  4886 | D        | Killed an ogre mage
  4901 | D        | Killed an ice dragon
  4904 | D        | Noticed a death knight
  4943 | D        | Killed an ogre mage
  4953 | D        | Noticed a fire giant
  4999 | D        | Noticed Xtahua
  5176 | D        | Noticed Mara
  5220 | D        | Noticed Nikola
  5307 | D        | Reached XP level 13. HP: 67/134 MP: 0/12
  5312 | D        | Killed a ghost moth
  5463 | D        | Noticed an emperor scorpion
  5500 | D        | Killed a ghost moth
  5504 | D        | Killed an emperor scorpion
  5607 | D        | Noticed an emperor scorpion
  5627 | D        | Killed Nikola
  5635 | D        | Killed an emperor scorpion
  5652 | D        | Got a gossamer rune of Zot
  6887 | D        | Got a decaying rune of Zot
  7090 | D        | Noticed a merfolk impaler
  7090 | D        | Noticed a merfolk javelineer
  7091 | D        | Noticed Ilsuiw
  7093 | D        | Noticed a merfolk impaler
  7095 | D        | Noticed a merfolk javelineer
  7096 | D        | Noticed a merfolk javelineer
  7103 | D        | Killed a merfolk javelineer
  7118 | D        | Killed a merfolk javelineer
  7130 | D        | Got a barnacled rune of Zot
  7139 | D        | Noticed a nagaraja
  7139 | D        | Noticed a nagaraja
  7139 | D        | Noticed a nagaraja
  7142 | D        | Killed a nagaraja
  7145 | D        | Killed a nagaraja
  7163 | D        | Killed a nagaraja
  7168 | D        | Noticed a nagaraja
  7196 | D        | Noticed a nagaraja
  7207 | D        | Got a serpentine rune of Zot
  7229 | D        | Noticed Jory
  7236 | D        | Noticed Rupert
  7245 | D        | Noticed Louise
  7322 | D        | Killed Louise
  7549 | D        | Reached skill level 10 in Dodging
  7619 | D        | Your ally died
  7645 | D        | Noticed a crystal guardian
  7645 | D        | Noticed a stone giant
  7645 | D        | Noticed a lich
  7656 | D        | Noticed a vault warden
  7658 | D        | Killed a lich
  7660 | D        | Your ally died
  7740 | D        | Killed a stone giant
  7893 | D        | Killed a crystal guardian
  7917 | D        | Killed a vault warden
  7937 | D        | Reached skill level 5 in Stealth
  8071 | D        | Noticed a fire giant
  8082 | D        | Killed a fire giant
  8092 | D        | Reached XP level 14. HP: 91/148 MP: 13/13
  8152 | D        | Noticed a shadow dragon
  8153 | D        | Identified Sif Muna's Tome of Frigorific Calling
  8154 | D        | Noticed a shadow dragon
  8164 | D        | Killed a shadow dragon
  8372 | D        | Killed a nagaraja
  8511 | D        | Noticed a caustic shrike
  8511 | D        | Noticed a golden dragon
  8511 | D        | a caustic shrike changed into a golden dragon
  8518 | D        | Noticed an iron dragon
  8518 | D        | a golden dragon changed into an iron dragon
  8519 | D        | Noticed a caustic shrike
  8519 | D        | an iron dragon changed into a caustic shrike
  8523 | D        | Noticed an iron dragon
  8523 | D        | a caustic shrike changed into an iron dragon
  8524 | D        | Noticed a shadow dragon
  8524 | D        | an iron dragon changed into a shadow dragon
  8526 | D        | Noticed a golden dragon
  8526 | D        | a shadow dragon changed into a golden dragon
  8529 | D        | Noticed an iron dragon
  8529 | D        | a golden dragon changed into an iron dragon
  8530 | D        | Noticed a caustic shrike
  8530 | D        | an iron dragon changed into a caustic shrike
  8531 | D        | Noticed an iron dragon
  8531 | D        | a caustic shrike changed into an iron dragon
  8537 | D        | Noticed a sphinx
  8537 | D        | an iron dragon changed into a sphinx
  8539 | D        | Noticed a golden dragon
  8539 | D        | a sphinx changed into a golden dragon
  8541 | D        | Noticed a caustic shrike
  8541 | D        | a golden dragon changed into a caustic shrike
  8543 | D        | Noticed an iron dragon
  8543 | D        | a caustic shrike changed into an iron dragon
  8546 | D        | Your ally died
  8553 | D        | Noticed a fire giant
  8553 | D        | an iron dragon changed into a fire giant
  8558 | D        | Killed a fire giant
  8715 | D        | Killed a shadow dragon
  9112 | D        | Got a jewelled buckler
  9123 | D        | Identified the cursed +0 buckler of Elyvilon's Regard {+Fly MR++ Int-3 SInv} (You found it in the Dungeon)
  9145 | D        | Noticed a shadow dragon
  9145 | D        | Noticed a titan
  9145 | D        | Noticed a quicksilver dragon
  9145 | D        | Noticed a shadow dragon
 10858 | D        | Killed a quicksilver dragon
 10881 | D        | Noticed a quicksilver dragon
 10888 | D        | Killed a quicksilver dragon
 10910 | D        | Killed a shadow dragon
 11079 | D        | Killed a shadow dragon
 11301 | D        | Noticed a tentacled monstrosity
 11306 | D        | Noticed a shadow dragon
 11312 | D        | Killed a shadow dragon
 11345 | D        | Got a silver rune of Zot
 11368 | D        | Noticed Sojobo
 11369 | D        | Noticed a tengu reaver
 11370 | D        | Noticed a tengu reaver
 11469 | D        | Got the ring "Istozuehes" {Ice rN+ MP+9 Int-2}
 11471 | D        | Got the ring of Nobility {Fire +Fly}
 11483 | D        | Got the ring "Hoprinoo" {rN++ Str+3 Int-4 Slay+3}
 11485 | D        | Got the amulet of Mafo {Spirit Dex+4}
 11498 | D        | Got the amulet of Regauf {Gourm rElec Dex+3}
 11601 | D        | Noticed Azrael
 11678 | D        | Noticed a frost giant
 11678 | D        | Noticed a deep elf elementalist
 11688 | D        | Killed a white very ugly thing
 11689 | D        | Killed a frost giant
 11698 | D        | Noticed a sphinx
 11699 | D        | Killed a sphinx
 11703 | D        | Killed a deep elf elementalist
 11969 | D        | Noticed a tentacled monstrosity
 11969 | D        | Noticed an electric golem
 11969 | D        | Noticed a tentacled monstrosity
 11969 | D        | Noticed a green draconian annihilator
 11969 | D        | Noticed a yellow draconian scorcher
 11969 | D        | Noticed a storm dragon
 11973 | D        | Killed a tentacled monstrosity
 11976 | D        | Killed an electric golem
 11989 | D        | Killed a storm dragon
 12116 | D        | Noticed a shadow dragon
 12116 | D        | Noticed a tentacled monstrosity
 12116 | D        | Noticed a Killer Klown
 12128 | D        | Killed a shadow dragon
 12129 | D        | Killed a Killer Klown
 12133 | D        | Noticed a yellow draconian monk
 12140 | D        | Noticed a purple draconian stormcaller
 12151 | D        | Noticed a storm dragon
 12151 | D        | Noticed a shadow dragon
 12151 | D        | Noticed a green draconian shifter
 12160 | D        | Killed a shadow dragon
 12170 | D        | Killed a purple draconian stormcaller
 12172 | D        | Killed a storm dragon
 12344 | D        | Noticed a storm dragon
 12344 | D        | Noticed a death cob
 12344 | D        | Noticed a curse toe
 12344 | D        | Noticed a tentacled monstrosity
 12350 | D        | Killed a storm dragon
 12351 | D        | Killed a death cob
 12353 | D        | Noticed a tentacled monstrosity
 12357 | D        | Killed a tentacled monstrosity
 12368 | D        | Killed a yellow draconian monk
 12522 | D        | Noticed an Orb Guardian
 12522 | D        | Noticed an Orb Guardian
 12522 | D        | Noticed an Orb Guardian
 12522 | D        | Noticed an Orb Guardian
 12522 | D        | Noticed an Orb Guardian
 12522 | D        | Noticed an Orb Guardian
 12523 | D        | Noticed an Orb Guardian
 12524 | D        | Noticed an Orb Guardian
 12525 | D        | Noticed an Orb Guardian
 12526 | D        | Noticed an Orb Guardian
 12556 | D        | Noticed a tentacled monstrosity
 12556 | D        | Noticed an Orb Guardian
 12556 | D        | Noticed an Orb Guardian
 12559 | D        | Killed a tentacled monstrosity
 12559 | D        | Killed an Orb Guardian
 12564 | D        | Killed an Orb Guardian
 12567 | D        | Killed an Orb Guardian
 12573 | D        | Noticed an Orb Guardian
 12585 | D        | Killed an Orb Guardian
 12606 | D        | Killed an Orb Guardian
 12613 | D        | Killed an Orb Guardian
 12621 | D        | Killed an Orb Guardian
 12682 | D        | Noticed an ancient lich
 12740 | D        | Noticed an orb of fire
 12743 | D        | Noticed an electric golem
 12763 | D        | Killed an electric golem
 12893 | D        | Noticed an ancient lich
 12893 | D        | Noticed an Orb Guardian
 12893 | D        | Noticed an Orb Guardian
 12893 | D        | Noticed an ancient lich
 12893 | D        | Noticed an ancient lich
 12894 | D        | Noticed an Executioner
 12897 | D        | Killed an Orb Guardian
 12899 | D        | Killed an ancient lich
 12907 | D        | Noticed an orb of fire
 12908 | D        | Noticed an ancient lich
 12912 | D        | Killed an ancient lich
 12916 | D        | Noticed a golden dragon
 12917 | D        | Killed an orb of fire
 12918 | D        | Noticed a shadow dragon
 12918 | D        | Killed a golden dragon
 12923 | D        | Noticed an electric golem
 12925 | D        | Killed a shadow dragon
 12925 | D        | Killed a purple draconian scorcher
 12927 | D        | Noticed a Killer Klown
 12929 | D        | Killed an electric golem
 12929 | D        | Reached XP level 15. HP: 162/162 MP: 14/14
 12955 | D        | Noticed an Orb Guardian
 12955 | D        | Noticed an Orb Guardian
 12955 | D        | Noticed an Orb Guardian
 12955 | D        | Noticed an Orb Guardian
 12955 | D        | Noticed an Orb Guardian
 12955 | D        | Noticed an Orb Guardian
 12956 | D        | Killed an Orb Guardian
 12959 | D        | Killed a Killer Klown
 12961 | D        | Killed an Orb Guardian
 12961 | D        | Killed an Orb Guardian
 12963 | D        | Killed an Orb Guardian
 12965 | D        | Killed an Orb Guardian
 12976 | D        | Killed an Orb Guardian
 12977 | D        | Killed an Orb Guardian
 12989 | D        | Killed an Orb Guardian
 13030 | D        | Killed an Orb Guardian
 13260 | D        | Noticed an Orb Guardian
 13810 | D        | Noticed an Orb Guardian
 13942 | D        | Bought a potion of haste for 180 gold pieces
 13942 | D        | Bought a potion of heal wounds for 90 gold pieces
 13942 | D        | Bought 2 potions of curing for 108 gold pieces
 13966 | D        | Noticed an ancient lich
 13966 | D        | Noticed a lich
 13966 | D        | Noticed a lich
 13967 | D        | Noticed an ancient lich
 13975 | D        | Killed a yellow draconian scorcher
 13976 | D        | Killed an ancient lich
 13977 | D        | Killed a lich
 13979 | D        | Your ally died
 13992 | D        | Paralysed by something for 7 turns
 14456 | D        | Noticed a deep elf sorcerer
 14457 | D        | Noticed a deep elf blademaster
 14463 | D        | Noticed a deep elf sorcerer
 14468 | D        | Noticed a deep elf master archer
 14518 | D        | Killed a deep elf sorcerer
 14519 | D        | Killed a deep elf blademaster
 14533 | D        | Killed a deep elf master archer
 14564 | D        | Noticed a deep elf master archer
 14689 | D        | Got an elven rune of Zot
 14713 | D        | Noticed an acid blob
 14713 | D        | Noticed an azure jelly
 14713 | D        | Noticed an acid blob
 14715 | D        | Paralysed by a floating eye for 2 turns
 14733 | D        | Killed an acid blob
 14802 | D        | Killed a deep elf master archer
 15200 | D        | Killed an acid blob
 15207 | D        | Paralysed by a floating eye for 4 turns
 15315 | D        | Noticed an acid blob
 15324 | D        | Killed an azure jelly
 15330 | D        | Killed an acid blob
 15501 | D        | Noticed an acid blob
 15518 | D        | Noticed the Royal Jelly
 15519 | D        | Noticed an azure jelly
 15524 | D        | Killed an acid blob
 15530 | D        | Killed an azure jelly
 15693 | D        | Noticed an azure jelly
 15693 | D        | Noticed an acid blob
 15693 | D        | Noticed an azure jelly
 15705 | D        | HP: 2/168 [azure jelly[the Royal Jelly] (30)]
 15705 | D        | Slain by an azure jelly

Skill      XL: |  1  2  3  4  5  6  7  8  9 10 11 12 13 14 15 |
---------------+----------------------------------------------+-----
Armour         | 4 5 6 8 9 10 11 13 14 15 17 19 21 22 | 22.7
Shields        | 5 6 7 9 10 11 12 14 15 18 20 22 25 | 25.4
Fighting       | 5 6 7 8 9 11 12 14 15 18 20 22 24 | 24.7
Axes           | 3 4 5 7 10 12 13 15 17 19 21 22 24 25 | 25.7
Dodging        | 1 2 3 4 5 7 9 11 12 14 | 14.2
Stealth        | 1 2 4 5 6 9 |  9.1
Polearms       | 4 5 |  5.0
Evocations     | |  0.6

Action                   |  1- 3 |  4- 6 |  7- 9 | 10-12 | 13-15 || total
-------------------------+-------+-------+-------+-------+-------++-------
Melee: War axe           |    27 |     1 |       |       |       ||    28
       Headbutt          |     4 |     6 |    13 |    79 |   106 ||   208
       Broad axe         |       |    51 |   100 |   312 |   396 ||   859
       Trident           |       |       |       |     8 |       ||     8
Invok: Bribe Branch      |       |       |       |     2 |     7 ||     9
       Call Merchant     |       |       |       |       |     2 ||     2
Evoke: Wand              |       |       |       |     1 |       ||     1
       Sack of spiders   |       |       |       |       |     2 ||     2
  Use: Potion            |       |     1 |     1 |     1 |    12 ||    15
       Scroll            |       |       |       |     1 |     8 ||     9
 Stab: Distracted        |       |     1 |     1 |     1 |     7 ||    10
  Eat: Bread ration      |       |       |     1 |     2 |     7 ||    10
       Royal jelly       |       |       |       |       |     1 ||     1
Armor: Scale mail        |    15 |    12 |       |       |       ||    27
       Chain mail        |       |       |    26 |   108 |   166 ||   300
Dodge: Dodged            |     9 |    17 |    25 |    97 |   151 ||   299
Block: Shield            |     7 |    29 |    55 |   140 |   269 ||   500
